 Dungeon Sprint DCSS version 0.31-a0-879-g1609e0ac53 (webtiles) character file.

Game seed: 6032079790235297977

63 rocky1 the Slasher (level 4, -13/35 HPs)
             Began as a Djinni Gladiator on Oct 15, 2023.
             Was an Initiate of Gozag.
             Killed by nerve-wracking pain
             ... invoked by Menkaure
              (14 damage)
             ... in the Dungeon (Sprint II: "The Violet Keep of Menkaure").
             The game lasted 00:01:17 (151 turns).

rocky1 the Slasher (Djinni Gladiator)                Turns: 151, Time: 00:01:19

Health: -13/35     AC:  4    Str: 13    XL:     4   Next: 30%
Gold:   243        EV: 14    Int: 10    God:    Gozag SH:  0 Dex: 16

rFire   + + .        a - +0 long sword
rCold   x . .        (no shield)
rNeg    . . .        b - +0 leather armour
rPois   ∞            c - +0 helmet
rElec   .            (no cloak)
rCorr   .            (no gloves)
SInv    .            (boots unavailable)
Will    .....        (no amulet)
Stlth   +            (no ring)
HPRegen 0.25/turn    (no ring)
MPRegen 0.00/turn

%: no teleportation, infuse magic (-14 HP)
@: flying
A: sickness immunity, fire resistance 2, cold vulnerability 1, float, innate
caster, HP casting, extra vitality 1
a: Renounce Religion, Potion Petition, Call Merchant, Bribe Branch


You were in the Dungeon.
You worshipped Gozag.
Gozag was aware of your devotion.
You visited 1 branch You collected 243 gold pieces.

Inventory:

Hand Weapons
 a - a +0 long sword (weapon)
Missiles
 d - 2 throwing nets (quivered)
 e - a javelin
Armour
 b - a +0 leather armour (worn)
 c - a +0 helmet (worn)
Scrolls
 j - a scroll of blinking
Potions
 f - a potion of curing
 h - a potion of haste
 i - a potion of berserk rage


   Skills:
 + Level 3.2 Fighting
 + Level 5.7 Long Blades
 - Level 1.5 Throwing
 + Level 0.2 Armour
 + Level 5.7 Dodging


You knew the following spells:

 Your Spells              Type           Power      Damage    Failure   Level
a - Sandblast             Erth           0%         2d4       43%         1
Your spell library was empty.

Dungeon Overview and Level Annotations

Branches:
Dungeon (1/1)

Altars:
Cheibriados
Dithmenos
Elyvilon
Fedhas
Gozag
Hepliaklqana
Makhleb
Nemelex Xobeh
Okawaru
Qazlal
Ru
Trog
Uskayaw
Wu Jian
Xom
Yredelemnul
Zin
The Shining One
Jiyva
Lugonu

Shops:
D [*(:*?!(!!

Annotations:
D Menkaure


Innate Abilities, Weirdness & Mutations

You are immune to sickness and miasma.
You are immune to poison.
Your flesh is very heat resistant. (rF++)
You are vulnerable to cold. (rC-)
You float through the air rather than walking.
You learn spells naturally, not from books.
Your magical power is your life essence.
You have superior vitality. (+4 MHP)


Message History

Okay, then.
There is an open door here.
Found Goby's Distillery.
Found Mouh's Antique Weapon Boutique and Nooript's Distillery.
Found Risurgh's Magic Scroll Shop and Tuajeduh's Distillery.
Found Waafo's Book Boutique and Ocsuminu's General Store.
Found Sybag Gite's Weapon Shop.
Found Jaitito's General Store and Voogamof's Antique Armour Boutique.
Menkaure, Prince of Dust comes into view.
Found 17 gold pieces.
Menkaure shouts!
Menkaure casts a spell.
Menkaure seems to speed up.
Unknown command.
Okay, then.
Menkaure points at you and mumbles some strange words.
Pain shoots through your body!
You hit Menkaure.
Menkaure is lightly damaged.
Menkaure splashes around in the water.
Menkaure gestures at you while chanting.
Pain shoots through your body!
You are too injured to fight recklessly!
You are too injured to fight recklessly!
You hit Menkaure.
Menkaure is moderately damaged.
Menkaure grins.
Menkaure hits you!
* * * LOW HITPOINT WARNING * * *
You feel much better. Menkaure hits you!
Unknown command.
You hit Menkaure.
Menkaure is heavily damaged.
Menkaure hits you!!
Ouch! That really hurt!
* * * LOW HITPOINT WARNING * * *
Menkaure casts a spell at you. Pain shoots through your body!
You die...
Your body crumbles into a pile of gold.

~## ########~~#+++#
#######~~~....
......#~~~~.#
.⌠....#~~~~# .##
∩.∩...#~~~~ ...
...∩..#~M# #..#
∩.∩.∩.#@# #+# .##..
...∩.∩#~# ##.##B..#..#
....∩.+~+ +.<.+# +..#
.....∩#~# ##.##B.$#...
▓▓▓▓###~## ##†# .##...
{######~~####..#####~~..
$ ##~~~#..##.#~~~~~~
#+#~##.#.##~~§~~§
#~~##'##†~§§≈≈§


You could see Menkaure (fast).

Vanquished Creatures
  3 worms (D)
3 creatures vanquished.

Vanquished Creatures (others)
  A water moccasin (D)
1 creature vanquished.

Grand Total: 4 creatures vanquished

Notes
Turn   | Place    | Note
-------+----------+-------------------------------------------
     0 | D        | rocky1 the Djinni Gladiator began the quest for the Orb.
     0 | D        | Reached XP level 1. HP: 18/18 MP: 0/0
     1 | D        | Noticed a boulder beetle
     1 | D        | Noticed a boulder beetle
    23 | D        | Reached XP level 2. HP: 22/24 MP: 0/0
    29 | D        | Noticed an orange crystal statue
    39 | D        | Noticed a water moccasin
    55 | D        | Killed a water moccasin
    56 | D        | Reached skill level 5 in Long Blades
    56 | D        | Reached skill level 5 in Dodging
    56 | D        | Reached XP level 3. HP: 14/30 MP: 0/0
    56 | D        | Learned a level 1 spell: Sandblast
    56 | D        | Reached XP level 4. HP: 16/35 MP: 0/0
    62 | D        | Found a stormy altar of Qazlal.
    62 | D        | Found an ornate altar of the Wu Jian Council.
    62 | D        | Found a glowing golden altar of the Shining One.
    63 | D        | Found a sacrificial altar of Ru.
    63 | D        | Found a hazy altar of Hepliaklqana.
    63 | D        | Found a shimmering altar of Xom.
    64 | D        | Found a viscous altar of Jiyva.
    64 | D        | Found a basalt altar of Yredelemnul.
    65 | D        | Found a snail-covered altar of Cheibriados.
    65 | D        | Found a bloodstained altar of Trog.
    65 | D        | Found a glowing silver altar of Zin.
    66 | D        | Found a shadowy altar of Dithmenos.
    66 | D        | Found a corrupted altar of Lugonu.
    66 | D        | Found a hide-covered altar of Uskayaw.
    67 | D        | Found a white marble altar of Elyvilon.
    67 | D        | Found a burning altar of Makhleb.
    71 | D        | Found a blossoming altar of Fedhas.
    73 | D        | Found an opulent altar of Gozag.
    73 | D        | Found a sparkling altar of Nemelex Xobeh.
    74 | D        | Found an iron altar of Okawaru.
    76 | D        | Noticed a water moccasin
    77 | D        | Noticed a water moccasin
    80 | D        | Noticed a water moccasin
    81 | D        | Noticed a flying skull
    81 | D        | Became a worshipper of Gozag Ym Sagoz the Greedy
   126 | D        | Found Goby's Distillery.
   128 | D        | Found Mouh's Antique Weapon Boutique.
   128 | D        | Found Nooript's Distillery.
   130 | D        | Found Risurgh's Magic Scroll Shop.
   130 | D        | Found Tuajeduh's Distillery.
   132 | D        | Found Waafo's Book Boutique.
   132 | D        | Found Ocsuminu's General Store.
   134 | D        | Found Sybag Gite's Weapon Shop.
   135 | D        | Found Jaitito's General Store.
   135 | D        | Found Voogamof's Antique Armour Boutique.
   139 | D        | Noticed Menkaure
   151 | D        | HP: 1/35 [Menkaure (20)]
   151 | D        | Killed from afar by Menkaure

Illustrated notes

Levels and vault maps discovered:
D:        the_violet_keep_of_menkaure [sprint2_stairs_cluster_1,
          sprint2_shoproom, sprint2_temple, sprint2_basic_supplies,
          sprint2_obstacle_4, sprint2_obstacle_7, sprint2_obstacle_3,
          sprint2_obstacle_5, sprint2_obstacle_2, sprint2_timed_cluster_1,
          sprint2_smallroom_cluster_1, sprint2_smallroom_final_cluster_1,
          sprint2_transparent_cluster_1, sprint2_second_timed_cluster_1,
          sprint2_sniper_area_1, sprint2_heavy_combat_area_1,
          sprint2_mutation_trap_area_1, sprint2_forest_area_1,
          sprint2_light_combat_area_1, sprint2_behind_water_1,
          sprint2_near_end_vault_1]

Skill      XL: |  1  2 |
---------------+-------+-----
Long Blades    | 3 5 |  5.7
Dodging        | 4 5 |  5.7
Fighting       | 3 |  3.2
Throwing       | |  1.5
Armour         | |  0.2

Action                     |  1- 3 |  4- 6 || total
---------------------------+-------+-------++-------
  Melee: Long sword        |    30 |     3 ||    33
         Punch             |     1 |       ||     1
  Throw: Throwing net      |     3 |       ||     3
    Use: Potion            |       |     1 ||     1
   Stab: Held in net/web   |     3 |       ||     3
         Sleeping          |     1 |       ||     1
 Armour: Leather armour    |    12 |     3 ||    15
  Dodge: Dodged            |    15 |       ||    15

Table legend: (Time is in decaauts)
 A = Elapsed time spent in this place.
 B = Non-inter-level travel time spent in this place.
 C = Inter-level travel time spent in this place.
 D = Time resting spent in this place.
 E = Time spent auto-exploring this place.
 F = Levels seen in this place.
 G = Mean time per level.
                   A        B        C        D        E       F      G
               +--------+--------+--------+--------+--------+-----+--------+
         Total |    157 |    157 |      0 |      0 |      0 |   1 |  157.0 |
       Dungeon |    157 |    157 |      0 |      0 |      0 |   1 |  157.0 |
               +--------+--------+--------+--------+--------+-----+--------+

Top non-repeatable levels by time:
       D: 157 daAuts
